 Dungeon Crawl Stone Soup version 0.21.1-1-g345015f (webtiles) character file.

336 Zhenya24pyc the Cudgeler (level 6, -5/40 HPs)
             Began as a Gargoyle Fighter on Feb 8, 2018.
             Slain by an ogre
             ... wielding a +0 giant club
              (9 damage)
             ... on level 5 of the Dungeon.
             The game lasted 00:04:51 (3378 turns).

Zhenya24pyc the Cudgeler (Gargoyle Fighter)         Turns: 3378, Time: 00:04:52

Health: -5/40      AC: 13    Str: 22    XL:     6   Next: 54%
Magic:  6/6        EV:  6    Int:  8    God:
Gold:   202        SH:  9    Dex:  9    Spells: 5/5 levels left

rFire    . . .     SeeInvis .   a - +0 flail
rCold    . . .     Gourm    .   c - +0 shield
rNeg     + . .     Faith    .   q - +0 chain mail (curse)
rPois    ∞         Spirit   .   (no helmet)
rElec    +         Reflect  .   (no cloak)
rCorr    +         Harm     .   (no gloves)
MR       .....                  (no boots)
Stlth    ..........             (no amulet)
HPRegen  0.13/turn              r - ring of resist corrosion
MPRegen  0.10/turn              (no ring)

@: no status effects
A: negative energy resistance 1, electricity resistance, unbreathing,
petrification resistance, rot immunity, AC +4
a: no special abilities


You were on level 5 of the Dungeon.
You were hungry.

You visited 1 branch of the dungeon, and saw 5 of its levels.

You collected 202 gold pieces.

Inventory:

Hand Weapons
 a - a +0 flail (weapon)
Armour
 c - a +0 shield (worn)
 q - a cursed +0 chain mail (worn)
Jewellery
 r - a ring of resist corrosion (left hand)
Wands
 u - a wand of iceblast (4)
Scrolls
 e - 2 scrolls of fog {unknown}
 i - 4 scrolls of identify {unknown}
 j - a scroll of blinking {unknown}
 k - a scroll of immolation {unknown}
 l - 5 scrolls of remove curse {unknown}
 n - a scroll of random uselessness {unknown}
 p - 3 scrolls of teleportation {unknown}
 t - a scroll of enchant armour {unknown}
 y - a scroll of magic mapping {unknown}
 A - 2 scrolls of amnesia {unknown}
Potions
 b - 2 potions of resistance {unknown}
 d - 3 potions of might
 g - 2 potions of brilliance {unknown}
 h - a potion of haste {unknown}
 m - a potion of flight {unknown}
 o - a potion of curing {unknown}
 s - a potion of berserk rage {unknown}
 v - a potion of mutation {unknown}
 w - 2 potions of heal wounds {unknown}
 x - 2 potions of degeneration {unknown}
 z - a potion of magic {unknown}
Comestibles
 f - 5 rations


   Skills:
 + Level 4.9 Fighting
 * Level 5.1 Maces & Flails
 - Level 3.2 Armour
 + Level 1.9 Dodging
 - Level 3.2 Shields


You had 5 spell levels left.
You didn't know any spells.

Dungeon Overview and Level Annotations

Branches:
Dungeon (5/15)
 Temple: D:4-7

Altars:
Dithmenos
Sif Muna
Xom

Shops:
D:4 [


Innate Abilities, Weirdness & Mutations

You are resistant to torment.
Your stone body is resilient. (AC +4)
You are immune to poison.
You resist negative energy. (rN+)
You are resistant to electric shocks. (rElec)
You can survive without breathing.
You are immune to petrification.
You are immune to rotting.


Message History

You kill the frilled lizard!
Your chain mail prevents you from hitting the ogre.
The ogre hits you with a giant club!!
You thump the ogre!
The ogre is heavily wounded.
You block the ogre's attack.
You thump the ogre!
The ogre is severely wounded.
The ogre hits you with a giant club!!
* * * LOW HITPOINT WARNING * * *
You are too injured to fight recklessly!
You are too injured to fight recklessly!
You are too injured to fight recklessly!
You are too injured to fight recklessly!
You are too injured to fight recklessly!
You are too injured to fight recklessly!
You hit the ogre.
The ogre is almost dead.
The ogre hits you with a giant club!
You die...

#.####.....#......
#.# #.#.#.#......
#.# #.#.#....###.
#.# #.#.###..'_#.
#.# #.#.##...###.
........##.#
#.#.##.......
?.......##.#
#.#.##.#.....
........##.#
#.#....#.....
.......O##@#
#+##########.
........##O# #.
........##s# ##
........##.#
...........###
###..........+
#.......####
#.......+
#.......#


You could see an ogre and a scorpion.

Vanquished Creatures
  A phantom (D:4)
  An orc wizard (D:3)
  2 iguanas (D:4)
  2 worker ants
  4 adders
  An adder skeleton (D:4)
  A leopard gecko (D:1)
  5 orcs
  10 bats
  3 giant cockroaches
  12 goblins
  12 hobgoblins
  4 jackals (D:1)
  8 kobolds
  6 frilled lizards
  11 rats
83 creatures vanquished.

Notes
Turn   | Place    | Note
-------+----------+-------------------------------------------
     0 | D:1      | Zhenya24pyc the Gargoyle Fighter began the quest for the Orb.
     0 | D:1      | Reached XP level 1. HP: 14/14 MP: 1/1
   110 | D:1      | Reached XP level 2. HP: 19/19 MP: 2/2
   300 | D:1      | Reached skill level 3 in Maces & Flails
   341 | D:1      | Reached XP level 3. HP: 24/24 MP: 3/3
  1107 | D:2      | Reached XP level 4. HP: 29/29 MP: 4/4
  1791 | D:3      | Reached skill level 4 in Maces & Flails
  2082 | D:3      | Reached XP level 5. HP: 31/33 MP: 5/5
  2117 | D:3      | Reached skill level 1 in Dodging
  2505 | D:4      | Noticed a phantom
  2529 | D:4      | Found a shimmering altar of Xom.
  2544 | D:4      | Killed a phantom
  2544 | D:4      | Reached XP level 6. HP: 35/39 MP: 6/6
  2737 | D:4      | Found a deep blue altar of Sif Muna.
  2829 | D:4      | Found Mimih's Antique Armour Boutique.
  2936 | D:4      | Reached skill level 5 in Maces & Flails
  3291 | D:5      | Entered Level 5 of the Dungeon
  3321 | D:5      | Found a shadowy altar of Dithmenos.
  3378 | D:5      | Slain by an ogre

Skill      XL: |  1  2  3  4  5  6 |
---------------+-------------------+-----
Maces & Flails | 3 4 5 |  5.1
Fighting       | 4 |  4.9
Dodging        | 1 |  1.9
Armour         | |  3.2
Shields        | |  3.2

Action                   |  1- 3 |  4- 6 || total
-------------------------+-------+-------++-------
Melee: Flail             |   199 |   198 ||   397
  Eat: Chunk             |     1 |     7 ||     8
Armor: Scale mail        |    96 |       ||    96
       Chain mail        |    26 |   116 ||   142
Dodge: Dodged            |    71 |    38 ||   109
Block: Shield            |   122 |    93 ||   215
